 Dungeon Crawl Stone Soup version 0.30.1-11-g7821555f0a (webtiles) character file.

Game seed: 17819131605573857106

67 relativegg the Slasher (level 4, -1/40 HPs)
             Began as a Draconian Berserker on Jan 6, 2024.
             Was a Believer of Trog.
             Slain by a goblin
             ... wielding a +0 club
             ... led by Robin
              (2 damage)
             ... on level 3 of the Dungeon.
             The game lasted 00:10:18 (1755 turns).

relativegg the Slasher (Draconian Berserker)        Turns: 1755, Time: 00:10:18

Health: -1/40      AC:  5    Str: 21    XL:     4   Next: 0%
Magic:  4/4        EV: 12    Int:  8    God:    Trog [**....]
Gold:   139        SH:  0    Dex: 10    Spells: 3/3 levels left

rFire   . . .        p - +5 club
rCold   . . .        (no shield)
rNeg    . . .        (body armour unavailable)
rPois   +            (helmet restricted)
rElec   .            (no cloak)
rCorr   .            (no gloves)
SInv    .            (no boots)
Will    ++...        b - amulet of the acrobat
Stlth   +            d - ring of poison resistance
HPRegen 1.26/turn    (no ring)
MPRegen 0.09/turn

%: acrobat
@: strong-willed, on berserk cooldown, regenerating, hasted and slowed
A: AC +5, unfitting armour, cold-blooded
a: Renounce Religion, Berserk, Trog's Hand


You were on level 3 of the Dungeon.
You worshipped Trog.
Trog was pleased with you.
You visited 1 branch of the dungeon, and saw 3 of its levels.

You collected 139 gold pieces.

Inventory:

Hand Weapons
 a - a +0 falchion
 p - a +5 club (weapon)
Jewellery
 b - an amulet of the acrobat (around neck)
 d - a ring of poison resistance (left hand)
 f - a +6 ring of dexterity
 i - a +4 ring of protection
 l - a ring of protection from fire
Wands
 o - a wand of polymorph (11)
Scrolls
 c - 5 scrolls of identify
 g - 5 scrolls of fog {unknown}
 m - a scroll of enchant weapon {unknown}
 q - a scroll of teleportation {unknown}
Potions
 e - a potion of curing {unknown}
 h - a potion of haste
 j - a potion of ambrosia {unknown}
 k - a potion of might {unknown}
 n - a potion of heal wounds {unknown}
 r - a potion of resistance {unknown}


   Skills:
 + Level 3.8 Fighting
 + Level 4.0 Long Blades
 + Level 0.1 Maces & Flails
 + Level 3.1 Dodging
 + Level 0.4 Stealth


You had 3 spell levels left.
You didn't know any spells.
Your spell library was empty.

Dungeon Overview and Level Annotations

Branches:
Dungeon (3/15)

Altars:
Xom

Annotations:
D:3 Robin


Innate Abilities, Weirdness & Mutations

Your plain brown scales are hard. (AC +5)
You cannot fit into any form of body armour.
You are cold-blooded and may be slowed by cold attacks.


Message History

You feel clever.
You hit the goblin.
The goblin is almost dead.
The hobgoblin no longer looks unusually strong.
The goblin hits you with a +0 dagger.
* * * LOW HITPOINT WARNING * * *
Robin closely misses you.
Robin hits you from afar with a +0 spear.
* * * LOW HITPOINT WARNING * * *
The goblin misses you.
It was a potion of haste.
You feel yourself speed up.
The goblin no longer looks unusually strong. x2
The goblin hits you with a +0 dagger.
* * * LOW HITPOINT WARNING * * *
Robin hits you from afar with a +0 spear.
* * * LOW HITPOINT WARNING * * *
The goblin closely misses you.
Things that are here:
a +0 club; a +0 sling; a +0 club The goblin attacks as you move away!
The goblin hits you with a +0 dagger.
* * * LOW HITPOINT WARNING * * *
Your skin crawls.
You feel strong-willed. The goblin hits you but does no damage.
Robin throws the goblin at you!
* * * LOW HITPOINT WARNING * * *
You closely miss the goblin.
The goblin is almost dead.
The goblin barely misses you.
Robin roars a battlecry!
The goblins go into a battle-frenzy!
Robin throws the goblin at you! The goblin barely misses you.
You thump the goblin!
You kill the goblin!
Trog accepts your kill. The hobgoblin hits you.
* * * LOW HITPOINT WARNING * * *
Robin hits you from afar with a +0 spear.
* * * LOW HITPOINT WARNING * * *
The goblin hits you with a +0 club.
You die...

# #.# #.# #...# #.###.#
#.#.# #)....# #.#.#
#)....# #.#.# # #....<#
#.#.# #. #.....# # #.#.#
#.. #g....# #.##.#.#
#..###g##### #.......
##....g@...#########.#.#
......g)#####.....##.#.#
........#####.....##.#.#
.........<..'..........'
...(...######.....####.#
....... #.....# #.#
####### ####### #.# #.#


You could see Robin, 2 hobgoblins and a goblin (strong).

Vanquished Creatures
  Ijyb (D:3)
  An orc (D:3)
  4 ball pythons
  4 endoplasms
  2 giant cockroaches (D:2)
  3 hobgoblins
  A quokka (D:1)
  2 bats
  A frilled lizard (D:1)
  10 goblins
  5 kobolds
  4 rats
38 creatures vanquished.

Notes
Turn   | Place    | Note
-------+----------+-------------------------------------------
     0 | D:1      | relativegg the Draconian Berserker began the quest for the
                  | Orb.
     0 | D:1      | Reached XP level 1. HP: 19/19 MP: 1/1
   255 | D:1      | Reached XP level 2. HP: 22/26 MP: 2/2
  1346 | D:3      | Noticed Ijyb
  1416 | D:3      | Killed Ijyb
  1417 | D:3      | Reached XP level 3. HP: 30/33 MP: 3/3
  1506 | D:3      | Reached ** piety under Trog
  1643 | D:3      | Reached skill level 4 in Long Blades
  1713 | D:3      | Found a shimmering altar of Xom.
  1714 | D:3      | Noticed Robin
  1745 | D:3      | Reached XP level 4. HP: 13/40 MP: 4/4
  1755 | D:3      | HP: 1/40 [Robin/+0 spear (2)]
  1755 | D:3      | Slain by a goblin

Illustrated notes

Levels and vault maps discovered:
D:1:      psy_arrival_fountain, layout_loops_ring, minmay_shallow_snake_nest
D:2:      layout_rooms
D:3:      layout_basic, brannock_xom_greatest_gift, corexii_corridor_pit,
          uniq_ijyb, uniq_sigmund, uniq_robin

Skill      XL: |  1  2  3 |
---------------+----------+-----
Dodging        | 3 |  3.1
Long Blades    | 4 |  4.0
Fighting       | |  3.8
Maces & Flails | |  0.1
Stealth        | |  0.4

Action                     |  1- 3 |  4- 6 || total
---------------------------+-------+-------++-------
  Melee: Falchion          |    52 |       ||    52
         Tailslap          |     6 |       ||     6
         Unarmed           |     8 |       ||     8
         Punch             |     1 |       ||     1
         Club              |    27 |     3 ||    30
 Invoke: Trog's Hand       |     1 |     1 ||     2
         Berserk           |     1 |       ||     1
    Use: Potion            |     1 |     1 ||     2
         Scroll            |     1 |       ||     1
   Stab: Sleeping          |     2 |       ||     2
 Armour: Skin              |    35 |     1 ||    36
  Dodge: Dodged            |    86 |     5 ||    91
